 Dungeon Crawl Stone Soup version 0.21.1-1-g345015f (webtiles) character file.

87626 nuthulu the Executioner (level 15, -36/128 HPs)
             Began as a Minotaur Berserker on Mar 20, 2018.
             Was the Champion of Trog.
             Killed from afar by a balrug (53 damage)
             ... with a bolt of fire
             ... summoned by Asterion
             ... on level 1 of the Spider Nest.
             The game lasted 00:54:12 (23467 turns).

nuthulu the Executioner (Minotaur Berserker)       Turns: 23467, Time: 00:54:14

Health: -36/128    AC: 32    Str: 37    XL:     15   Next: 44%
Magic:  0/12       EV: 21    Int: 14    God:    Trog [******]
Gold:   2021       SH:  0    Dex: 22    Spells: 14/14 levels left

rFire    x . .     SeeInvis .   y - +11 executioner's axe of Pullami {chop, Str+2}
rCold    + + .     Gourm    +   (shield currently unavailable)
rNeg     . . .     Faith    .   J - +3 crystal plate armour
rPois    +         Spirit   +   P - +2 hat
rElec    .         Reflect  .   z - scarf {Spirit}
rCorr    .         Harm     .   X - +0 pair of gloves of Reason {rC+ Int+7 Slay+3}
MR       +....                  Y - +0 pair of boots of Maugh {Str+4 Int+5 Dex-3}
Stlth    ..........             q - amulet of the gourmand
HPRegen  0.31/turn              m - ring "Cecel" {Ice rPois Str+2}
MPRegen  0.13/turn              D - ring "Seply" {*Contam +Inv Str+6 Dex+5}

@: agile
A: retaliatory headbutt, horns 2, thin metallic scales 1, camouflage 1, blink,
dopey 1, low mp 1, subdued magic 1
a: Blink, Berserk, Trog's Hand, Brothers in Arms, Burn Spellbooks, Renounce
Religion, Evoke Invisibility


You were on level 1 of the Spider Nest.
You worshipped Trog.
Trog was exalted by your worship.
You were full.

You visited 4 branches of the dungeon, and saw 23 of its levels.
You also visited: Labyrinth.

You collected 2558 gold pieces.
You spent 537 gold pieces at shops.

Inventory:

Hand Weapons
 y - the +11 executioner's axe of Pullami (weapon) {chop, Str+2}
   (You acquired it on level 6 of the Dungeon)

   It inflicts extra damage upon your enemies.
   It affects your strength (+2).
 S - a +5 antimagic executioner's axe
 U - a +3 executioner's axe of freezing
Missiles
 p - a throwing net (quivered)
Armour
 j - a +2 pair of boots
 t - a +2 scale mail of fire resistance
 x - a +1 cloak
 z - a scarf of spirit shield (worn)
 B - the +1 ring mail "Vioschago" {rElec}
   (You bought it in a shop on level 7 of the Dungeon)

   It insulates you from electricity.
 J - a +3 crystal plate armour (worn)
 O - the +1 ring mail of Youthful Indiscretion {Regen+ Str+4}
   (You found it in a labyrinth)

   It affects your strength (+4).
   It increases your rate of regeneration.
 P - a +2 hat (worn)
 R - the +2 scale mail "Dudasta Biesh" {*Contam +Inv Str+2 Int+4}
   (You found it on level 11 of the Dungeon)

   It affects your strength (+2).
   It affects your intelligence (+4).
   It lets you turn invisible.
   It causes magical contamination when unequipped.
 X - the +0 pair of gloves of Reason (worn) {rC+ Int+7 Slay+3}
   (You acquired it on level 5 of the Lair of Beasts)

   It affects your intelligence (+7).
   It affects your accuracy and damage with ranged weapons and melee attacks
   (+3).
   It protects you from cold.
 Y - the +0 pair of boots of Maugh (worn) {Str+4 Int+5 Dex-3}
   (You bought it in a shop on level 2 of the Orcish Mines)

   It affects your strength (+4).
   It affects your intelligence (+5).
   It affects your dexterity (-3).
Jewellery
 m - the ring "Cecel" (left hand) {Ice rPois Str+2}
   (You found it on level 1 of the Spider Nest)

   [ring of ice]

   It enhances your ice magic.
   It affects your strength (+2).
   It makes you vulnerable to fire.
   It protects you from cold.
   It protects you from poison.
 q - an amulet of the gourmand (around neck)
 s - an uncursed ring of poison resistance
 D - the ring "Seply" (right hand) {*Contam +Inv Str+6 Dex+5}
   (You took it off a minotaur in a labyrinth)

   [ring of dexterity]

   It affects your strength (+6).
   It affects your dexterity (+5).
   It lets you turn invisible.
   It causes magical contamination when unequipped.
 G - a +3 ring of dexterity
 H - a +3 ring of strength
 L - an uncursed ring of ice
 N - the ring of the Good {rF+ MR+ Int-6}
   (You found it in a labyrinth)

   [ring of intelligence]

   It affects your intelligence (-6).
   It protects you from fire.
   It affects your resistance to hostile enchantments.
 Q - an uncursed ring of resist corrosion
 V - the ring "Guacoo" {*Tele rPois Int+4 Dex+3}
   (You found it on level 1 of the Spider Nest)

   [ring of teleportation]

   It may teleport you next to monsters.
   It affects your intelligence (+4).
   It affects your dexterity (+3).
   It protects you from poison.
 Z - an uncursed ring of magical power
Wands
 a - a wand of flame (25)
 r - a wand of polymorph (15)
 A - a wand of digging (42)
 C - a wand of iceblast (20)
 E - a wand of acid (23)
 T - a wand of paralysis (8)
 W - a wand of random effects (19)
Scrolls
 b - 4 scrolls of magic mapping
 d - 5 scrolls of fog
 l - a scroll of identify
 n - 3 scrolls of fear
 o - 11 scrolls of teleportation
 I - 13 scrolls of remove curse
 K - 2 scrolls of blinking
Potions
 e - 3 potions of haste
 f - 5 potions of flight
 g - 2 potions of agility
 h - 9 potions of curing
 i - a potion of heal wounds
 k - a potion of berserk rage
 u - 2 potions of lignification
 v - 2 potions of might
 w - 5 potions of mutation
 F - 4 potions of invisibility
 M - a potion of brilliance
Comestibles
 c - 42 rations


   Skills:
 - Level 10.5 Fighting
 - Level 23.6 Axes
 - Level 12.7 Armour
 * Level 11.5 Dodging


You had 14 spell levels left.
You didn't know any spells.

Dungeon Overview and Level Annotations

Branches:
Dungeon (13/15)            Temple (0/1) D:6            Lair (6/6) D:10
  Swamp (0/4) Lair:4       Spider (2/4) Lair:4        Slime (0/5) Lair:6
    Orc (2/2) D:10            Elf (0/3) Orc:2
 Vaults: D:13-14

Altars:
Makhleb
Nemelex Xobeh
Vehumet
Wu Jian
Xom
The Shining One
Beogh

Shops:
D:7 [   Orc:2 ![!:

Portals:
Hell: Lair:6
Pandemonium: Orc:2

Annotations:
Spider:1 Asterion


Innate Abilities, Weirdness & Mutations

You reflexively headbutt those who attack you in melee.
You have a pair of horns on your head.
You are partially covered in thin metallic scales. (AC +2)
Your skin changes colour to match your surroundings (Stealth+).
You can translocate small distances at will.
You are dopey. (Int -2)
Your magical capacity is low. (-10% MP)
Your spells are a little easier to cast, but a little less powerful.


Message History

Asterion is severely wounded.
You slice the balrug!!
The balrug hits you with a demon whip of electrocution.
You are engulfed in flames!!
The fire burns you terribly!
You are electrocuted!
Asterion drinks a potion.
Asterion is healed!
The balrug hits you with a demon whip of electrocution.
You are engulfed in flames!!!
The fire burns you terribly!
* * * LOW HITPOINT WARNING * * *
You are electrocuted!
* * * LOW HITPOINT WARNING * * *
Unknown command.
Unknown command.
Okay, then.
You feel agile all of a sudden.
Asterion hits you with a broad axe of freezing!
* * * LOW HITPOINT WARNING * * *
Asterion completely misses you. The balrug gestures at you.
The bolt of fire hits you! The fire burns you terribly!
You die...

#.#
##.#^.#.#...#........#
#.#
####....#.#[....#...}.#
## #.#
#.....#...##..##...#.##
#. #.#
##....#.#.#..##.#...##
#^ #.#
#.........#..#.....##
##.
#.###.#.#......##..#..##
##^.
#.##..#.#..#.....#^#..#
#...
#.###......#.2#...#..###
#.^##
#.##..#...##H@..#..#.^.#
##..^
#.#.......##..##.##....#
#.#^
#.##.#...#.#..#...^..###
#^ #.
#.##..#................#
##.#.
#?[##....#.#...#.......#
#$^
##.##..#####......#.#.##
#.)
#.###..#.....#..^#..##
##. #.#
#..#...#.#.....#.## ##
#.####...#.....##.##..#
#.


You could see Asterion and a balrug.

Vanquished Creatures
  Gastronok (D:11)
  An orc warlord (D:10)
  A stone giant (Orc:1)
  An entropy weaver (Spider:2)
  A spark wasp (Spider:1)
  Josephine (D:10)
  A minotaur (Lab)
  7 hydras
  Erica (D:10)
  The ghost of Tramtrist the Unseen, a journeyman SpAs of Dithmenos (Orc:1)
  11 death yaks
  2 two-headed ogres
  3 orc high priests (Orc:2)
  Nergalle (D:11)
  A sun demon (Lair:6)
  A sixfirhy (Orc:2)
  3 unseen horrors
  2 torturous demonspawn (Orc:2)
  A gelid demonspawn (Orc:2)
  A wizard (Lair:6)
  A wolf spider zombie (D:13)
  4 orc knights
  5 orb spiders (Spider:1)
  An ugly thing (D:11)
  6 wolf spiders (Spider:1)
  8 orc sorcerers
  A moth of wrath (Spider:1)
  Joseph (D:10)
  4 elephants (Lair:5)
  A cyclops (D:13)
  A smoke demon (Orc:2)
  7 black mambas
  3 orange demons (Lair:6)
  A gargoyle (D:10)
  9 spiny frogs
  9 komodo dragons
  8 rime drakes
  7 demonic crawlers (Spider:1)
  A hellwing (Lair:6)
  3 trolls
  5 jumping spiders (Spider:1)
  2 red devils
  A polar bear (Lair:6)
  A hornet (D:10)
  23 blink frogs
  4 slime creatures (D:13)
  3 hippogriffs
  8 dream sheep (Lair:6)
  A shadow (D:9)
  A wyvern (Lair:5)
  6 wraiths
  A spriggan (D:7)
  7 redbacks
  6 tarantellas
  36 yaks
  Grum (D:11)
  A basilisk (Lair:5)
  2 hungry ghosts
  A steam dragon (Lair:6)
  3 vampire mosquitoes (Spider:1)
  Menkaure (D:7)
  2 wargs
  An acid dragon (D:13)
  3 hell hounds (Lair:6)
  8 water moccasins
  3 porcupines
  A swamp drake (Lair:6)
  A black bear (D:4)
  32 orc warriors
  An eye of draining (D:13)
  2 phantoms
  8 ice beasts (Lair:2)
  A necrophage (D:5)
  3 sky beasts
  6 ogres
  8 wolves
  11 centaurs
  10 crocodiles
  15 bullfrogs
  3 scorpions
  A wyvern skeleton (D:7)
  4 wights (D:6)
  An electric eel (Lair:1)
  5 crimson imps
  4 bullfrog zombies
  3 centaur zombies
  2 quasits
  26 orc priests
  Crazy Yiuf (D:5)
  2 centaur skeletons
  6 hounds
  23 orc wizards
  5 iguanas
  9 worker ants
  A hound zombie (D:6)
  4 gnolls (D:4)
  8 adders
  3 shadow imps
  An adder skeleton (D:4)
  2 worms
  4 leopard geckos
  99 orcs
  8 giant cockroaches
  17 hobgoblins
  2 jackals (D:2)
  3 quokkas
  A ball python (D:3)
  10 bats
  4 frilled lizards
  8 goblins
  A jackal skeleton (D:4)
  5 kobolds
  2 leopard gecko zombies
  A quokka skeleton (D:7)
  12 rats
  2 fungi
  7 plants
653 creatures vanquished.

Vanquished Creatures (collateral kills)
  2 orc knights (Orc:2)
  2 orc sorcerers (Orc:2)
  2 red devils (Lair:6)
  A hell hound (Lair:6)
  An orc priest (Orc:2)
8 creatures vanquished.

Vanquished Creatures (others)
  A jumping spider (Spider:1)
  A gnoll (D:4)
  A jackal (D:4)
  5 fungi
  3 plants
11 creatures vanquished.

Grand Total: 672 creatures vanquished

Notes
Turn   | Place    | Note
-------+----------+-------------------------------------------
     0 | D:1      | nuthulu the Minotaur Berserker began the quest for the Orb.
     0 | D:1      | Reached XP level 1. HP: 19/19 MP: 0/0
   237 | D:1      | Reached skill level 4 in Axes
   237 | D:1      | Reached XP level 2. HP: 27/27 MP: 1/1
   763 | D:2      | Found a burning altar of Makhleb.
   798 | D:2      | Reached XP level 3. HP: 24/34 MP: 2/2
   910 | D:2      | Reached ** piety under Trog
  1124 | D:2      | Found a radiant altar of Vehumet.
  1436 | D:2      | Reached XP level 4. HP: 35/41 MP: 3/3
  1563 | D:3      | Reached skill level 5 in Fighting
  1563 | D:3      | Reached skill level 5 in Axes
  2146 | D:3      | Reached *** piety under Trog
  2214 | D:3      | Reached XP level 5. HP: 42/50 MP: 4/4
  2932 | D:4      | Reached skill level 6 in Axes
  3001 | D:4      | Noticed a black bear
  3003 | D:4      | Found a shimmering altar of Xom.
  3019 | D:4      | Killed a black bear
  3019 | D:4      | Reached XP level 6. HP: 51/58 MP: 5/5
  3257 | D:4      | Reached skill level 7 in Axes
  3395 | D:4      | Reached **** piety under Trog
  3500 | D:4      | Reached XP level 7. HP: 61/66 MP: 6/6
  3797 | D:5      | Entered Level 5 of the Dungeon
  4369 | D:5      | Reached skill level 8 in Axes
  4947 | D:5      | Found a runed door.
  4951 | D:5      | Noticed Crazy Yiuf
  4954 | D:5      | Killed Crazy Yiuf
  4998 | D:6      | Noticed a two-headed ogre
  5009 | D:5      | Killed a two-headed ogre
  5009 | D:5      | Reached skill level 9 in Axes
  5009 | D:5      | Reached XP level 8. HP: 66/78 MP: 7/7
  5162 | D:6      | Reached skill level 10 in Fighting
  5162 | D:6      | Reached skill level 10 in Axes
  5553 | D:6      | Identified a scroll of acquirement
  5556 | D:6      | Got a steaming executioner's axe
  5557 | D:6      | Identified the +11 executioner's axe of Pullami {chop, Str+2} (You acquired it on level 6 of the Dungeon)
  5611 | D:6      | Reached XP level 9. HP: 78/85 MP: 8/8
  5904 | D:6      | Found a staircase to the Ecumenical Temple.
  6051 | D:7      | Reached skill level 11 in Axes
  6138 | D:7      | Found the +7 great mace "Firestarter" {inner flame, rF++}
  6149 | D:7      | Noticed Menkaure
  6156 | D:7      | Killed Menkaure
  6205 | D:7      | Reached skill level 12 in Axes
  6253 | D:7      | Found Tubues's Antique Armour Boutique.
  6287 | D:7      | Bought a distressingly furry ring mail for 153 gold pieces
  6297 | D:7      | Identified the cursed +1 ring mail "Vioschago" {rElec} (You bought it in a shop on level 7 of the Dungeon)
  6368 | D:7      | Found a sparkling altar of Nemelex Xobeh.
  6406 | D:7      | Reached skill level 13 in Axes
  6600 | D:7      | Found a radiant altar of Vehumet.
  6700 | D:7      | Reached ***** piety under Trog
  7241 | D:8      | Reached XP level 10. HP: 93/94 MP: 9/9
  7274 | D:8      | Reached skill level 14 in Axes
  7360 | D:8      | Found an ornate altar of the Wu Jian Council.
  7413 | D:8      | Gained mutation: You are partially covered in thin metallic scales. (AC +2) [potion of mutation]
  7413 | D:8      | Gained mutation: Your magical capacity is low. (-10% MP) [potion of mutation]
  7413 | D:8      | Gained mutation: You can translocate small distances at will. [potion of mutation]
  7413 | D:8      | Gained mutation: Your skin changes colour to match your surroundings (Stealth+). [potion of mutation]
  8210 | D:9      | Noticed a two-headed ogre
  8223 | D:9      | Killed a two-headed ogre
  8223 | D:9      | Reached skill level 15 in Axes
  8940 | D:9      | Found a glowing golden altar of the Shining One.
  9070 | D:10     | Entered Level 10 of the Dungeon
  9070 | D:10     | Noticed Josephine
  9076 | D:10     | Noticed Erica
  9076 | D:10     | Killed Josephine
  9076 | D:10     | Reached skill level 16 in Axes
  9085 | D:10     | Killed Erica
  9085 | D:10     | Reached skill level 17 in Axes
  9085 | D:10     | Reached XP level 11. HP: 31/101 MP: 8/8
  9391 | D:10     | Found a staircase to the Lair.
  9406 | D:10     | Found a staircase to the Orcish Mines.
  9427 | D:10     | Received a gift from Trog
  9464 | D:10     | You fall through a shaft for 3 floors!
 10113 | D:13     | Reached skill level 18 in Axes
 10424 | D:13     | Killed an unseen horror
 10666 | D:13     | Killed an unseen horror
 10803 | D:11     | Noticed a brown ugly thing
 10808 | D:11     | Killed a brown ugly thing
 10838 | D:11     | Noticed Gastronok
 10839 | D:11     | Found a labyrinth entrance.
 10848 | Lab      | Entered a labyrinth
 11552 | Lab      | Noticed a minotaur
 11561 | Lab      | Killed a minotaur
 11561 | Lab      | Reached skill level 19 in Axes
 11563 | Lab      | Got a fine lead ring
 11680 | Lab      | Got a wavering brass ring
 11681 | Lab      | Got a bloodstained ring mail
 11693 | Lab      | Identified the +1 ring mail of Youthful Indiscretion {Regen+ Str+4} (You found it in a labyrinth)
 11715 | Lab      | Identified the ring "Seply" {*Contam +Inv Str+6 Dex+5} (You took it off a minotaur in a labyrinth)
 11726 | D:11     | Killed Gastronok
 11726 | D:11     | Reached XP level 12. HP: 89/107 MP: 9/9
 12111 | D:11     | Noticed Nergalle
 12114 | D:11     | Noticed Grum
 12120 | D:11     | Killed Nergalle
 12124 | D:11     | Reached skill level 20 in Axes
 12130 | D:11     | Killed Grum
 12437 | D:11     | Got a bloodstained scale mail
 12438 | D:11     | Identified the +2 scale mail "Dudasta Biesh" {*Contam +Inv Str+2 Int+4} (You found it on level 11 of the Dungeon)
 12440 | D:11     | Lost intelligence.
 12440 | D:11     | Identified the cursed ring of the Good {rF+ MR+ Int-6} (You found it in a labyrinth)
 12500 | D:11     | Lost intelligence.
 12882 | D:10     | Noticed Joseph
 12893 | D:10     | Killed Joseph
 13141 | Lair:1   | Entered Level 1 of the Lair of Beasts
 13210 | Lair:1   | Noticed an eight-headed hydra
 13224 | Lair:1   | Killed a 12-headed hydra
 13620 | Lair:1   | Received a gift from Trog
 13792 | Lair:1   | Reached skill level 21 in Axes
 15148 | Lair:2   | Found a frozen archway.
 15869 | Lair:3   | Reached XP level 13. HP: 110/114 MP: 10/10
 16191 | Lair:3   | Reached skill level 22 in Axes
 16362 | Lair:4   | Received a gift from Trog
 16715 | Lair:4   | Found a staircase to the Swamp.
 16966 | Lair:4   | Found a hole to the Spider Nest.
 17781 | Lair:5   | Reached skill level 23 in Axes
 18302 | Lair:5   | Got a pair of smoking gloves
 18313 | Lair:5   | Identified the +0 pair of gloves of Reason {rC+ Int+7 Slay+3} (You acquired it on level 5 of the Lair of Beasts)
 18621 | Lair:6   | Entered Level 6 of the Lair of Beasts
 18631 | Lair:6   | Reached skill level 5 in Armour
 18744 | Lair:6   | Reached XP level 14. HP: 108/122 MP: 11/11
 18875 | Lair:6   | Reached ****** piety under Trog
 18908 | Lair:6   | Received a gift from Trog
 18968 | Lair:6   | Found a staircase to the Slime Pits.
 19033 | Lair:6   | Reached skill level 10 in Armour
 19178 | Lair:6   | Found a burning altar of Makhleb.
 19586 | Lair:6   | Found a gateway to Hell.
 20328 | Orc:1    | Entered Level 1 of the Orcish Mines
 20343 | Orc:1    | Noticed Tramtrist's ghost (journeyman SpAs)
 20358 | Orc:1    | Killed Tramtrist's ghost
 20369 | Orc:1    | Received a gift from Trog
 20373 | Orc:1    | Noticed a stone giant
 20387 | Orc:1    | Killed a stone giant
 20693 | Orc:1    | Noticed an orc warlord
 20792 | D:10     | Killed an orc warlord
 21255 | Orc:2    | Entered Level 2 of the Orcish Mines
 21255 | Orc:2    | Found a roughly hewn altar of Beogh.
 21352 | Orc:2    | Found a staircase to the Elven Halls.
 21459 | Orc:2    | Reached skill level 5 in Dodging
 21528 | Orc:2    | Found Lifodugg's Distillery.
 21530 | Orc:2    | Found Ubopuhol's Distillery.
 21700 | Orc:2    | Received a gift from Trog
 21752 | Orc:2    | Bought a potion of heal wounds for 80 gold pieces
 22101 | Orc:2    | HP: 4/122 [orc sorcerer/bolt of fire (17)]
 22136 | Orc:2    | Reached XP level 15. HP: 69/128 MP: 4/12
 22207 | Orc:2    | Found Tuasig's Antique Armour Shop.
 22207 | Orc:2    | Found Ituceo's Book Boutique.
 22207 | Orc:2    | Found a one-way gate leading to the halls of Pandemonium.
 22220 | Orc:2    | Bought a pair of twisted boots for 304 gold pieces
 22225 | Orc:2    | Identified the +0 pair of boots of Maugh {Str+4 Int+5 Dex-3} (You bought it in a shop on level 2 of the Orcish Mines)
 22505 | Spider:1 | Entered Level 1 of the Spider Nest
 22625 | Spider:1 | Found a transporter.
 22743 | Spider:1 | Reached skill level 10 in Dodging
 22758 | Spider:1 | Found a transporter.
 22791 | Spider:1 | Gained mutation: Your spells are a little easier to cast, but a little less powerful. [the power of Zot]
 22791 | Spider:1 | Gained mutation: You are dopey. (Int -2) [the power of Zot]
 22795 | Spider:1 | Received a gift from Trog
 22833 | Spider:1 | Got a bound golden ring
 22840 | Spider:1 | Got a heavily runed wooden ring
 22844 | Spider:1 | Identified the ring "Cecel" {Ice rPois Str+2} (You found it on level 1 of the Spider Nest)
 22845 | Spider:1 | Identified the ring "Guacoo" {*Tele rPois Int+4 Dex+3} (You found it on level 1 of the Spider Nest)
 23450 | Spider:2 | Noticed Asterion
 23467 | Spider:1 | Killed from afar by a balrug

Skill      XL: |  1  2  3  4  5  6  7  8  9 10 11 12 13 14 15 |
---------------+----------------------------------------------+-----
Fighting       | 4 5 6 7 9 10 | 10.5
Axes           | 4 5 6 7 9 10 13 17 19 21 23 | 23.6
Armour         | 7 12 | 12.7
Dodging        | 7 11 | 11.5

Action                   |  1- 3 |  4- 6 |  7- 9 | 10-12 | 13-15 || total
-------------------------+-------+-------+-------+-------+-------++-------
Melee: Hand axe          |    69 |   154 |   118 |       |       ||   341
       Headbutt          |    13 |    15 |    35 |    77 |   133 ||   273
       Executioner's axe |       |       |   101 |   300 |   459 ||   860
Throw: Throwing net      |       |       |       |     1 |       ||     1
Invok: Berserk           |       |       |     2 |     1 |       ||     3
       Burn Spellbooks   |       |       |     1 |     6 |     1 ||     8
       Trog's Hand       |       |       |     1 |       |     2 ||     3
       Brothers in Arms  |       |       |       |       |     2 ||     2
 Abil: Blink             |       |       |       |       |     1 ||     1
  Use: Scroll            |     9 |    10 |     4 |    10 |    14 ||    47
       Potion            |       |       |     1 |     3 |     6 ||    10
 Stab: Sleeping          |     1 |       |       |     3 |       ||     4
       Held in net/web   |       |       |       |     2 |       ||     2
       Confused          |       |       |       |       |     2 ||     2
  Eat: Chunk             |     2 |    25 |    14 |    32 |    24 ||    97
       Ration            |       |       |     3 |     1 |       ||     4
Armor: Leather armour    |    16 |       |     4 |       |       ||    20
       Animal skin       |     1 |       |       |       |       ||     1
       Skin              |     1 |       |       |       |       ||     1
       Scale mail        |       |    62 |    65 |   124 |    33 ||   284
       Ring mail         |       |       |    37 |    37 |       ||    74
       Crystal plate arm |       |       |       |       |   459 ||   459
Dodge: Dodged            |    54 |    86 |   119 |   153 |   268 ||   680
